 Dungeon Crawl Stone Soup version 0.29-a0-541-gaf1fc19f1b (console) character file.

Game seed: 616312823597300859

76 om the Shield-Bearer (level 4, 0/44 HPs)
             Began as a Troll Fighter on June 2, 2022.
             Splashed by a jelly's acid (6 damage)
             ... on level 4 of the Dungeon.
             The game lasted 00:03:59 (2130 turns).

om the Shield-Bearer (Troll Fighter)                Turns: 2130, Time: 00:04:01

Health: 0/44       AC: -12   Str: 24    XL:     4   Next: 12%
Magic:  3/3        EV:  9    Int:  4    God:
Gold:   24         SH: 13    Dex: 11    Spells: 3/3 levels left

rFire   . . .      SeeInvis .   a - +0 flail
rCold   . . .      Faith    .   c - +0 kite shield
rNeg    . . .      Spirit   .   b - +0 robe
rPois   .          Reflect  +   (helmet restricted)
rElec   .          Harm     .   (no cloak)
rCorr   .          Rampage  .   (gloves unavailable)
Will    .....                   (boots unavailable)
Stlth   +.........              k - amulet of reflection
HPRegen 0.94/turn               (no ring)
MPRegen 0.08/turn               (no ring)

@: corroded
A: large, unfitting armour, claws 3, regeneration 1, shaggy fur 1, tough skin 1
a: no special abilities


You were on level 4 of the Dungeon.
You visited 1 branch of the dungeon, and saw 4 of its levels.

You collected 268 gold pieces.
You spent 244 gold pieces at shops.

Inventory:

Hand Weapons
 a - a +0 flail (weapon)
Missiles
 g - 2 throwing nets (quivered)
Armour
 b - a +0 robe (worn)
 c - a +0 kite shield (worn)
Jewellery
 k - an amulet of reflection (around neck)
Wands
 e - a wand of paralysis (4)
 r - a wand of flame (23)
Scrolls
 i - a scroll of immolation
 m - a scroll of enchant weapon
 n - a scroll of fog {unknown}
 o - a scroll of teleportation
 p - a scroll of noise
 s - a scroll of poison {unknown}
Potions
 d - 4 potions of might
 f - a potion of berserk rage
 h - 3 potions of cancellation
 j - 2 potions of curing
 l - a potion of haste
 q - a potion of flight
 t - a potion of mutation {unknown}


   Skills:
 + Level 2.8 Fighting
 * Level 2.8 Maces & Flails
 + Level 2.8 Dodging
 * Level 3.2 Shields


You had 3 spell levels left.
You didn't know any spells.
Your spell library contained the following spells:

 Spells                   Type           Power      Damage    Failure   Level
 Magic Dart               Conj           0%         1d3       80%         1
 Shock                    Conj/Air       0%         1d3       80%         1
 Searing Ray              Conj           0%         2d4       90%         2
 Swiftness                Air            0%         N/A       99%         3
 Airstrike                Air            0%         N/A       100%        4
 Fulminant Prism          Conj/Hex       0%         3d6       100%        4


Dungeon Overview and Level Annotations

Branches:
Dungeon (4/15)
 Temple: D:4-7

Altars:
Elyvilon
Sif Muna

Shops:
D:1 [   D:2 ?   D:3 !*:


Innate Abilities, Weirdness & Mutations

You are too large for most types of armour.
You have claws for hands.
Your natural rate of healing is unusually fast.
You are covered in fur. (AC +1)
You have tough skin. (AC +1)


Message History

As you open the door, it creaks loudly!
There is an open door here.
Done exploring.
Done exploring.
Done exploring.
Done exploring.
(D) Dungeon
Where to? (Enter - D:3, ? - help)
There is a stone staircase leading down here.
You climb downwards.
Found a stone staircase leading up.
There is a stone staircase leading up here.
A jelly is nearby!
A jelly is nearby!
The jelly quivers.
You barely miss the jelly. You block the jelly's attack.
You hit the jelly. The acid corrodes you!
Your claws burn!
The jelly is lightly wounded.
You block the jelly's attack.
You sock the jelly!
Your claws burn!
The jelly is heavily wounded.
You block the jelly's attack. x2
You completely miss the jelly.
The jelly is heavily wounded.
The jelly closely misses you.
You hit the jelly. The acid corrodes you!
Your claws burn!
The jelly is severely wounded.
The jelly hits you. The acid corrodes you!
You are splashed with acid!
You hit the jelly but do no damage.
Your claws burn!
The jelly is severely wounded.
The jelly hits you.
You are splashed with acid!
* * * LOW HITPOINT WARNING * * *
You block the jelly's attack.
You hit the jelly but do no damage.
Your claws burn!
* * * LOW HITPOINT WARNING * * *
The jelly is severely wounded.
The jelly hits you.
* * * LOW HITPOINT WARNING * * *
The acid corrodes you!
You are splashed with acid.
You die...

##### #..<
########.#######
#.....<.@J......
#.######.#######
#.# #.# #.# #.#
#.# #.#


You could see a jelly.

Vanquished Creatures
  3 adders
  2 worms
  2 dart slugs
  6 ball pythons
  2 giant cockroaches
  2 goblins
  5 hobgoblins
  9 kobolds
  A quokka (D:3)
  3 bats
  2 frilled lizards
  2 rats (D:1)
39 creatures vanquished.

Notes
Turn   | Place    | Note
-------+----------+-------------------------------------------
     0 | D:1      | om the Troll Fighter began the quest for the Orb.
     0 | D:1      | Reached XP level 1. HP: 22/22 MP: 0/0
   163 | D:1      | Found Gualiet's Antique Armour Boutique.
   431 | D:1      | Reached XP level 2. HP: 27/29 MP: 1/1
   827 | D:2      | Reached XP level 3. HP: 36/36 MP: 2/2
   885 | D:2      | Reached skill level 3 in Shields
   942 | D:2      | Found a faded altar of an unknown god.
  1119 | D:2      | Found Vothryoz's Magic Scroll Shop.
  1127 | D:2      | Bought a scroll of identify for 26 gold pieces
  1127 | D:2      | Bought a scroll of identify for 26 gold pieces
  1127 | D:2      | Bought a scroll of teleportation for 39 gold pieces
  1127 | D:2      | Bought a scroll of noise for 13 gold pieces
  1127 | D:2      | Bought a scroll of identify for 26 gold pieces
  1379 | D:3      | Paralysed by a hobgoblin for 2 turns
  1383 | D:3      | Paralysed by a hobgoblin for 2 turns
  1409 | D:3      | Found Mottim's Distillery.
  1429 | D:3      | Bought a potion of curing for 42 gold pieces
  1429 | D:3      | Bought a potion of flight for 42 gold pieces
  1432 | D:3      | Reached XP level 4. HP: 44/44 MP: 3/3
  1592 | D:3      | Found Ogocsuu's Assorted Antiques.
  1602 | D:3      | Bought a scroll labelled VOCZEU IFOI for 30 gold pieces
  1699 | D:3      | Found a white marble altar of Elyvilon.
  1881 | D:3      | Found a shimmering blue altar of Sif Muna.
  1949 | D:3      | Found Qam Hich's Book Shop.
  2130 | D:4      | Splashed by a jelly's acid

Illustrated notes

Levels and vault maps discovered:
D:1:      lightli_arrival_flooded_house, layout_loops_ring, serial_shops,
          nicolae_shop_stone
D:2:      layout_basic, shapermc_ecumenical_altar_petra, serial_shops,
          shop_coins
D:3:      layout_basic, lemuel_doored_altar, nicolae_elyvilon_peaceful_grove,
          serial_shops, nicolae_shop_hallway_plus, nicolae_shop_statue_plus,
          nicolae_shop_overgrown_old_shop
D:4:      layout_basic

Skill      XL: |  1  2  3 |
---------------+----------+-----
Maces & Flails | 2 |  2.8
Shields        | 3 |  3.2
Fighting       | |  2.8
Dodging        | |  2.8

Action                   |  1- 3 |  4- 6 || total
-------------------------+-------+-------++-------
Melee: Flail             |   129 |    25 ||   154
  Use: Scroll            |     7 |     1 ||     8
Armor: Robe              |    60 |     1 ||    61
Dodge: Dodged            |    43 |     7 ||    50
Block: Kite shield       |    76 |    10 ||    86

Table legend: (Time is in decaauts)
 A = Elapsed time spent in this place.
 B = Non-inter-level travel time spent in this place.
 C = Inter-level travel time spent in this place.
 D = Time resting spent in this place.
 E = Time spent auto-exploring this place.
 F = Levels seen in this place.
 G = Mean time per level.
                   A        B        C        D        E       F      G
               +--------+--------+--------+--------+--------+-----+--------+
         Total |   2196 |   2132 |     64 |      5 |   1650 |   4 |  549.0 |
       Dungeon |   2196 |   2132 |     64 |      5 |   1650 |   4 |  549.0 |
               +--------+--------+--------+--------+--------+-----+--------+

Top non-repeatable levels by time:
     D:3: 813 daAuts
     D:1: 729 daAuts
     D:2: 641 daAuts
     D:4: 11 daAuts
